Map: 2000 Atmospheres LE

Players

Hellraiser

  • Race: Protoss Protoss

Spirit (souL) - Winner!

  • Race: Terran Terran

Event: DreamHack SC2 Masters 2021 Winter

VOD

Have the link to the VOD?

Description

Time

  • Played on: Oct. 6, 2021, 12:34 p.m.
  • Length: 17:28

All games in this series

Show
View Real Time Build Order
Export as new Build Order

Hellraiser Protoss 

Build Orders: 1 Gate Expand, Oracle Opening, Phoenix Opening, Zealot Archon 

Get SALT Encoding   

  12  0:00  Probe  
  13  0:12  Probe  
  14  0:17  Pylon  
  14  0:24  Probe (Chrono Boost)  
  16  0:36  Gateway, Probe (Chrono Boost)  
  16  0:41  Probe (Chrono Boost)  
  16  0:46  Assimilator  
  17  0:52  Probe  
  18  1:04  Probe  
  19  1:16  Probe  
  20  1:23  Cybernetics Core  
  20  1:34  Nexus  
  20  1:41  Pylon  
  20  1:44  Probe  
  21  1:51  Assimilator  
  21  1:56  Probe (Chrono Boost)  
  21  1:57  Adept (Chrono Boost)  
  25  2:08  Probe (Chrono Boost)  
  25  2:16  Probe (Chrono Boost)  
  26  2:22  Stargate  
  26  2:23  Adept  
  26  2:26  Probe  
  29  2:37  Warp Gate  
  29  2:40  Probe (Chrono Boost)  
  30  2:46  Probe (Chrono Boost)  
  32  2:52  Adept  
  32  2:55  Probe x2 (Chrono Boost)  
  35  3:00  Probe (Chrono Boost)  
  35  3:02  Probe  
  35  3:03  Oracle (Chrono Boost)  
  37  3:11  Pylon  
  37  3:12  Probe  
  41  3:14  Probe  
  42  3:20  Gateway  
  42  3:24  Probe  
  42  3:26  Probe  
  44  3:33  Phoenix  
  46  3:36  Probe  
  46  3:39  Probe  
  48  3:47  Nexus  
  48  3:51  Probe x2  
  48  3:55  Pylon  
  50  4:00  Phoenix (Chrono Boost)  
  52  4:03  Probe  
  52  4:08  Probe  
  52  4:09  Assimilator  
  54  4:14  Pylon  
  54  4:15  Probe  
  55  4:17  Phoenix (Chrono Boost)  
  55  4:20  Probe  
  58  4:25  Twilight Council  
  58  4:28  Forge  
  58  4:29  Probe  
  59  4:32  Probe  
  59  4:37  Phoenix (Chrono Boost)  
  60  4:41  Probe  
  60  4:44  Probe  
  64  4:49  Pylon  
  64  4:53  Probe  
  64  4:54  Gateway  
  64  4:56  Protoss Ground Armor Level 1 (Chrono Boost), Probe  
  64  4:57  Charge (Chrono Boost)  
  68  5:04  Probe  
  68  5:05  Probe  
  68  5:07  Gateway  
  68  5:13  Gateway  
  68  5:15  Gateway  
  68  5:18  Phoenix  
  68  5:20  Probe  
  71  5:25  Probe  
  72  5:30  Gateway  
  72  5:31  Gateway  
  72  5:33  Pylon  
  72  5:35  Probe x2  
  74  5:37  Probe  
  74  5:40  Sentry  
  77  5:43  Phoenix  
  77  5:45  Zealot  
  77  5:47  Pylon  
  77  5:49  Pylon  
  81  5:52  Zealot, Probe  
  81  5:55  Probe  
  85  5:57  Pylon  
  85  6:02  Probe  
  86  6:04  Probe  
  86  6:05  Robotics Facility  
  86  6:07  Probe  
  86  6:08  Assimilator  
  88  6:13  Zealot, Sentry  
  88  6:14  Zealot x2, Probe  
  88  6:17  Probe  
  98  6:20  Assimilator  
  98  6:21  Pylon  
  98  6:24  Probe  
  99  6:31  Probe  
  100  6:34  Probe  
  100  6:36  Templar Archives  
  100  6:37  Assimilator  
  100  6:39  Zealot x4, Probe  
  110  6:45  Protoss Ground Weapons Level 1 (Chrono Boost)  
  110  6:47  Pylon  
  110  6:48  Zealot x2  
  110  6:53  Probe x2  
  116  6:55  Observer  
  116  7:00  Zealot x4  
  125  7:09  Pylon  
  125  7:12  Nexus  
  125  7:13  High Templar x2  
  129  7:16  Zealot  
  129  7:17  Archon  
  129  7:21  Blink  
  129  7:22  Robotics Bay  
  131  7:27  Pylon  
  131  7:30  Probe  
  131  7:31  Probe  
  131  7:33  Probe  
  134  7:41  Stalker x4  
  134  7:42  Zealot  
  134  7:43  Probe  
  145  7:47  Immortal (Chrono Boost)  
  145  7:48  Pylon  
  149  7:55  Probe x2  
  151  8:03  Stalker x3  
  156  8:06  Pylon  
  156  8:09  Pylon  
  156  8:11  Probe x2  
  154  8:16  Observer (Chrono Boost)  
  155  8:23  Stalker x4  
  162  8:27  Photon Cannon  
  162  8:28  Probe x3  
  163  8:38  Colossus (Chrono Boost)  
  150  8:42  Probe  
  150  8:43  Probe x2  
  150  8:44  Stalker x2  
  150  8:48  Probe  
  161  8:57  Protoss Ground Weapons Level 2 (Chrono Boost)  
  161  9:02  Zealot x6  
  133  9:21  Zealot x2, Colossus (Chrono Boost)  
  133  9:22  Zealot x2  
  133  9:23  Zealot x3  
  134  9:33  Zealot  
  134  9:37  Probe  
  126  9:39  Probe x2  
  126  9:44  Zealot  
  126  9:45  Extended Thermal Lance (Chrono Boost)  
  123  9:49  Stalker x3  
  123  9:50  Zealot x3  
  136  9:54  Phoenix  
  136  9:59  Photon Cannon  
  136  10:00  Stalker  
  136  10:03  Shield Battery  
  136  10:04  Shield Battery  
  136  10:05  Zealot  
  136  10:07  Photon Cannon, Pylon x2  
  136  10:16  Zealot x6  
  145  10:25  Probe  
  145  10:27  Stalker x2  
  129  10:33  Probe  
  123  10:37  Probe  
  123  10:40  Colossus (Chrono Boost)  
  122  10:44  Nexus  
  122  10:49  Phoenix (Chrono Boost)  
  126  10:56  Zealot x4, High Templar x4  
  144  11:00  Assimilator, Archon x2  
  144  11:01  Assimilator  
  143  11:06  Pylon  
  143  11:20  Colossus (Chrono Boost)  
  143  11:21  Protoss Ground Armor Level 2 (Chrono Boost)  
  143  11:23  Zealot x4  
  157  11:29  Pylon  
  157  11:31  Pylon  
  158  11:38  Zealot  
  160  11:41  Pylon  
  159  11:49  Stalker x3  
  159  11:50  Stalker, Zealot x3  
  173  12:00  Warp Prism (Chrono Boost)  
  153  12:21  Zealot x3  
  153  12:22  Zealot x5  
  159  12:30  Observer (Chrono Boost)  
  155  12:37  Pylon  
  155  12:47  Disruptor (Chrono Boost)  
  155  12:49  Zealot x7  
  155  12:50  Zealot  
  155  12:51  Nexus  
  174  12:54  Pylon  
  174  12:57  Dark Shrine  
  174  13:08  Disruptor (Chrono Boost)  
  177  13:19  Shield Battery  
  177  13:21  Probe x2, Shield Battery  
  177  13:23  Photon Cannon  
  177  13:25  Probe, Pylon  
  180  13:27  Probe  
  180  13:31  Pylon  
  180  13:33  Probe x2, Disruptor (Chrono Boost)  
  186  13:37  Probe  
  187  13:42  Probe  
  187  13:48  Gateway, Probe x2  
  180  13:49  Photon Cannon, Gateway  
  180  13:52  Robotics Facility  
  178  13:58  Disruptor (Chrono Boost)  
  178  14:01  Stalker x6  
  193  14:03  Zealot  
  191  14:17  Shadow Stride (Chrono Boost)  
  191  14:23  Disruptor (Chrono Boost)  
  173  14:27  Assimilator  
  173  14:28  Assimilator  
  166  14:39  Dark Templar x8  
  182  14:50  Disruptor (Chrono Boost)  
  176  15:10  Stalker x2  
  176  15:24  Probe  
  172  15:32  Stalker x7  
  172  15:33  Stalker x3, Disruptor (Chrono Boost)  
  171  15:55  Nexus  
  161  16:09  Stalker x3  
  161  16:10  Stalker x7  
  139  16:19  Pylon  
  117  16:32  Observer (Chrono Boost)  
  116  16:42  Stalker x8  
  132  16:58  Dark Templar x2  
  123  17:01  Probe  
  123  17:02  Probe  
  92  17:23  Stalker x4  
  92  17:24  Stalker x4  
Show
View Real Time Build Order
Export as new Build Order

Spirit Terran - Winner!

Build Orders:  

Get SALT Encoding   

  12  0:00  SCV  
  13  0:12  SCV  
  14  0:16  Supply Depot  
  14  0:25  SCV  
  15  0:38  SCV  
  15  0:39  Barracks  
  16  0:44  Refinery  
  16  0:50  SCV  
  17  1:02  SCV  
  18  1:14  SCV  
  19  1:26  Marine  
  19  1:27  Orbital Command  
  20  1:44  Command Center  
  20  1:46  Barracks Reactor  
  20  1:53  Supply Depot  
  20  1:55  SCV  
  21  2:07  SCV  
  22  2:11  Factory  
  22  2:19  SCV  
  22  2:22  Marine x2  
  25  2:31  SCV  
  26  2:40  Marine x2  
  26  2:41  Bunker  
  28  2:45  SCV  
  29  2:55  Factory Tech Lab  
  29  2:56  Orbital Command  
  29  2:57  SCV  
  29  3:09  Command Center  
  29  3:15  Cyclone  
  29  3:18  SCV  
  33  3:20  Marine  
  33  3:22  Marine  
  33  3:24  SCV  
  36  3:30  SCV  
  37  3:35  Barracks  
  37  3:37  SCV  
  37  3:38  Refinery  
  37  3:41  Marine  
  38  3:42  SCV, Marine  
  41  3:49  SCV  
  41  3:55  SCV  
  46  4:01  Supply Depot, Marine x2  
  46  4:02  SCV  
  46  4:06  Engineering Bay  
  46  4:07  Factory Tech Lab  
  46  4:16  SCV  
  46  4:21  SCV, Marine x2  
  46  4:22  Orbital Command  
  49  4:27  Barracks  
  49  4:29  SCV  
  49  4:30  Stimpack  
  50  4:33  SCV, Marine  
  50  4:36  Terran Infantry Weapons Level 1  
  52  4:41  SCV  
  52  4:44  Starport  
  52  4:45  SCV  
  54  4:48  SCV  
  54  4:50  Missile Turret  
  54  4:52  Marine  
  56  4:53  SCV, Marine  
  56  4:57  SCV  
  59  5:00  SCV, Marine  
  59  5:01  Supply Depot  
  59  5:05  Missile Turret  
  59  5:06  SCV  
  62  5:09  SCV, Refinery, Marine  
  62  5:10  Refinery  
  62  5:12  SCV  
  65  5:18  SCV  
  65  5:19  Barracks  
  66  5:22  Marine, Barracks  
  66  5:25  Factory Reactor, Starport Reactor  
  66  5:26  Combat Shield  
  66  5:28  Marine x2  
  67  5:29  Marine  
  67  5:35  Supply Depot, SCV, Orbital Command  
  69  5:36  SCV  
  69  5:39  Marine  
  71  5:45  Marine  
  71  5:46  Marine  
  71  5:47  SCV  
  71  5:48  SCV, Marine  
  76  5:56  Supply Depot  
  76  5:57  Supply Depot x2  
  76  5:58  Bunker, Marine  
  76  5:59  SCV  
  76  6:00  SCV x2  
  84  6:04  Widow Mine x2  
  84  6:10  Concussive Shells  
  84  6:11  SCV  
  84  6:13  Barracks Reactor, SCV x2, Medivac x2  
  84  6:15  Barracks Tech Lab  
  91  6:19  Supply Depot  
  91  6:21  Marine  
  91  6:23  SCV  
  91  6:25  Marauder, SCV x2, Marine  
  98  6:32  Supply Depot  
  98  6:34  Marauder x2  
  98  6:35  SCV  
  98  6:37  SCV  
  98  6:39  SCV, Marine  
  106  6:43  Supply Depot, Marine  
  106  6:45  Widow Mine  
  106  6:46  Widow Mine  
  113  6:47  Marauder  
  113  6:51  Medivac, Armory  
  115  6:54  Medivac, Marine  
  115  6:55  Marine  
  115  6:56  SCV  
  115  6:58  SCV x2  
  122  7:06  Widow Mine  
  122  7:08  SCV, Marine  
  125  7:09  Marauder x2  
  125  7:12  Widow Mine  
  125  7:14  Refinery  
  125  7:15  Refinery  
  132  7:16  Marauder, Ghost Academy, Marine  
  135  7:23  Marine  
  135  7:25  Supply Depot, Medivac  
  135  7:26  Medivac  
  140  7:33  Supply Depot  
  140  7:34  Supply Depot  
  140  7:35  Terran Infantry Armor Level 1  
  140  7:37  Engineering Bay  
  140  7:38  SCV  
  140  7:40  Widow Mine x2  
  140  7:41  Marauder, Marine  
  147  7:46  Ghost x2  
  147  7:48  Marine x3  
  153  7:59  Marine  
  153  8:02  Ghost  
  153  8:04  Widow Mine x2  
  160  8:05  Marine  
  160  8:06  Marine  
  160  8:07  Marine  
  160  8:12  Command Center  
  163  8:14  Ghost  
  163  8:15  Marine  
  163  8:16  Marine  
  167  8:23  Terran Infantry Weapons Level 2, Marine  
  167  8:24  Supply Depot  
  167  8:26  Marine  
  167  8:31  Marauder  
  167  8:33  Marauder, Marine  
  170  8:38  Marine  
  156  8:41  Marine  
  156  8:43  Ghost  
  156  8:44  Marine  
  160  8:49  Medivac  
  160  8:51  Marine  
  160  8:52  Ghost  
  160  8:54  Ghost  
  167  8:56  Widow Mine x2, Marine  
  167  8:59  Marine  
  167  9:02  Marine  
  149  9:17  Marine  
  149  9:20  Marine x4  
  149  9:21  Marine  
  149  9:22  Medivac x2  
  149  9:23  Marine  
  152  9:34  Marine  
  152  9:38  Marauder, Marine x3  
  149  9:39  Marauder  
  149  9:41  Marauder  
  141  9:46  Planetary Fortress  
  141  9:50  SCV x3  
  141  9:52  Medivac, Viking, Marine  
  146  9:55  Marine  
  146  9:57  Terran Infantry Armor Level 2  
  146  9:59  Starport  
  150  10:00  Marauder x2  
  150  10:01  Refinery, Marine  
  150  10:02  Marauder, SCV x3, Refinery  
  158  10:07  Supply Depot  
  159  10:14  SCV x2  
  159  10:16  Marine  
  159  10:20  Marine  
  159  10:21  Marauder  
  159  10:22  Marauder, Viking  
  159  10:24  Marauder, Marine  
  159  10:28  Marine  
  152  10:34  Marine  
  140  10:38  Marine  
  140  10:41  Marine  
  142  10:43  Marauder x2  
  142  10:45  Marauder, Marine  
  142  10:49  Viking x3  
  151  10:52  Marine  
  151  10:54  Enhanced Shockwaves  
  151  10:55  Marine, Barracks x2  
  153  11:01  Marine  
  156  11:04  Marauder x2  
  156  11:05  Marine  
  156  11:07  Marauder  
  156  11:10  Marine  
  162  11:13  Terran Ship Weapons Level 1  
  162  11:16  Marine  
  163  11:19  Viking  
  163  11:23  Command Center  
  163  11:24  Viking x2  
  168  11:25  Marauder  
  168  11:26  Marauder, Viking  
  168  11:28  Marauder  
  174  11:33  Terran Infantry Weapons Level 3  
  174  11:34  Missile Turret  
  174  11:36  Missile Turret  
  174  11:45  Barracks Tech Lab x2  
  176  11:49  Viking  
  176  11:50  Barracks  
  182  11:57  Marauder x3, Marine x2  
  182  11:58  SCV x3  
  187  12:03  Fusion Core  
  187  12:04  Marine  
  188  12:10  SCV  
  188  12:12  Marine  
  188  12:15  Marine  
  174  12:18  Marine, Ghost  
  174  12:19  Ghost x2  
  174  12:20  Marine  
  167  12:31  Viking x3  
  167  12:32  Viking  
  167  12:33  Ghost  
  167  12:36  Planetary Fortress  
  176  12:37  Ghost  
  176  12:39  SCV x2  
  176  12:42  Missile Turret  
  180  12:46  Sensor Tower, Ghost  
  182  12:51  Advanced Ballistics  
  180  13:01  Liberator x2  
  180  13:03  Sensor Tower  
  180  13:05  Refinery  
  186  13:08  Liberator x2  
  195  13:13  Command Center  
  200  13:25  Command Center  
  200  13:26  Bunker  
  192  13:29  Terran Ship Weapons Level 2  
  192  13:35  Personal Cloaking  
  188  13:44  Liberator, Medivac  
  193  13:52  Command Center  
  193  13:53  Liberator x2  
  189  14:10  Terran Infantry Armor Level 3  
  189  14:11  Marine  
  189  14:12  Marauder  
  188  14:22  Marine  
  188  14:23  Marauder  
  187  14:26  Liberator  
  187  14:27  Liberator, Planetary Fortress  
  187  14:29  Missile Turret  
  193  14:33  Marine  
  193  14:36  Marauder, Marine  
  193  14:38  Marine  
  198  14:40  Marauder  
  198  14:43  Orbital Command  
  194  15:03  Liberator  
  194  15:06  Marine  
  200  15:21  Marauder  
  200  15:25  Marine  
  196  15:28  Liberator  
  196  15:29  Marine  
  196  15:34  Marine  
  200  15:37  Marauder, Marine  
  181  15:43  Marine  
  181  15:45  Marine  
  177  15:50  Liberator  
  177  15:51  Liberator  
  177  15:56  Marine  
  177  15:57  Marauder  
  186  16:02  Marauder, Marine  
  186  16:03  Marine  
  183  16:05  Marine  
  183  16:08  Marauder, Marine x2  
  167  16:13  Orbital Command  
  167  16:14  Marine  
  167  16:17  Marine  
  162  16:20  Marine  
  162  16:21  Marine  
  162  16:24  Medivac x2  
  156  16:28  Ghost x3  
  160  16:33  Medivac  
  160  16:34  Nuke  
  160  16:38  Marauder x2, Marine  
  167  16:40  Missile Turret  
  167  16:41  SCV x4  
  167  16:45  Marine  
  170  16:48  Refinery  
  170  16:51  Medivac  
  170  16:53  SCV  
  173  16:56  Refinery  
  173  16:57  Marauder x3  
  173  16:59  Ghost  
  179  17:11  Command Center  

Tags
 
Add a new tag
Caveats
  • Supply blocks, unpowered buildings, or Contaminate may cause inaccurate times.
  • Supply counts are checked every 10 seconds.